| TOP OF THE 1ST |
|
Victoria Capitals batting - Pitching for Madison Brewers : LHP Dusty Bryant
|
|
Pitching: LHP Dusty Bryant
|
|
|
Batting: SHB Raghnall Ahearne
|
0-0: Foul Ball, location: 2F 0-1: Ball 1-1: Ball 2-1: Ball 3-1: Foul Ball, location: 2F 3-2: Base on Balls
|
|
Batting: LHB Chris Jackson
|
0-0: Called Strike 0-1: Ball 1-1: SINGLE (Flyball, 5D, EV 96.9 MPH) Raghnall Ahearne to second
|
|
Batting: RHB Chris Skaff
|
0-0: Ball 1-0: Called Strike 1-1: SINGLE (Flyball, 7LS, EV 95.6 MPH) Raghnall Ahearne to third Chris Jackson to second Throwing error, E7 Raghnall Ahearne scores Chris Jackson to third Chris Skaff to second
|
|
Batting: RHB Jose Zuniga
|
0-0: Foul Ball, location: 2F 0-1: Ground out U3 (Groundball, 3, EV 108.8 MPH)
|
|
Batting: LHB William Gonzales
|
0-0: Ground out 5-3 (Groundball, 56S, EV 64.4 MPH) Chris Jackson scores Chris Skaff to third
|
|
Batting: RHB Victor Ramirez
|
0-0: Ball 1-0: Ball 2-0: Foul Ball, location: 2F 2-1: Foul Ball, location: 2F 2-2: Foul Ball, location: 2F 2-2: Strikes out swinging
|
| Top of the 1st over - 2 runs, 2 hits, 1 error, 1 left on base; Victoria 2 - Madison 0 |
| BOTTOM OF THE 1ST |
|
Madison Brewers batting - Pitching for Victoria Capitals : LHP Carlos Munoz
|
|
Pitching: LHP Carlos Munoz
|
|
|
Batting: RHB Wiliama Dana
|
0-0: Foul Ball, location: 2F 0-1: Ball 1-1: Ball 2-1: Foul Ball, location: 2F 2-2: Ball 3-2: Foul Ball, location: 2F 3-2: Strikes out swinging
|
|
Batting: LHB John Fortin
|
0-0: Ball 1-0: Ball 2-0: Ball 3-0: Called Strike 3-1: Base on Balls
|
|
Batting: LHB Steven Donovan
|
0-0: Foul Ball, location: 2F 0-1: Ball John Fortin steals 2nd, throwing error, E2 John Fortin to third 1-1: Ground out 5-3 (Groundball, 56D, EV 81.2 MPH) John Fortin scores
|
|
Batting: SHB Justin Hensley
|
0-0: Ball 1-0: Ball 2-0: Foul Ball, location: 2F 2-1: Ball 3-1: Ground out 6-3 (Groundball, 6MS, EV 87.5 MPH)
|
| Bottom of the 1st over - 1 run, 0 hits, 1 error, 0 left on base; Victoria 2 - Madison 1 |
| TOP OF THE 2ND |
|
Victoria Capitals batting - Pitching for Madison Brewers : LHP Dusty Bryant
|
|
Batting: RHB Ricky Ramirez
|
0-0: Ground out 4-3 (Groundball, 4D, EV 94.4 MPH)
|
|
Batting: RHB Eddie Luna
|
0-0: Called Strike 0-1: Foul Ball, location: 2F 0-2: Fly out, F9 (Flyball, 9D, EV 109.4 MPH)
|
|
Batting: RHB Ziven Badersky
|
0-0: Called Strike 0-1: Swinging Strike 0-2: Strikes out swinging
|
| Top of the 2nd over - 0 runs, 0 hits, 0 errors, 0 left on base; Victoria 2 - Madison 1 |
| BOTTOM OF THE 2ND |
|
Madison Brewers batting - Pitching for Victoria Capitals : LHP Carlos Munoz
|
|
Batting: RHB Steve Errico
|
0-0: Foul Ball, location: 2F 0-1: Foul Ball, location: 2F 0-2: Foul Ball, location: 2F 0-2: SINGLE (Line Drive, 4D, EV 95.6 MPH)
|
|
Batting: RHB Manny Olave
|
0-0: Swinging Strike 0-1: Ball 1-1: Ball 2-1: Called Strike 2-2: Strikes out looking
|
|
Batting: LHB Jesus Huante
|
0-0: Ball Steve Errico is caught stealing 2nd base 2-6 1-0: Fly out, F8 (Flyball, 8RXD, EV 98.8 MPH)
|
| Bottom of the 2nd over - 0 runs, 1 hit, 0 errors, 0 left on base; Victoria 2 - Madison 1 |
| TOP OF THE 3RD |
|
Victoria Capitals batting - Pitching for Madison Brewers : LHP Dusty Bryant
|
|
Batting: SHB Raghnall Ahearne
|
0-0: Called Strike 0-1: Foul Ball, location: 2F 0-2: Ground out 6-3 (Groundball, P, EV 85.6 MPH)
|
|
Batting: LHB Chris Jackson
|
0-0: Ball 1-0: Ball 2-0: Called Strike 2-1: Called Strike 2-2: Ball 3-2: Foul Ball, location: 2F 3-2: Foul Ball, location: 2F 3-2: Base on Balls
|
|
Batting: RHB Chris Skaff
|
0-0: Ball 1-0: Ball 2-0: Swinging Strike 2-1: Foul Ball, location: 2F 2-2: DOUBLE (Line Drive, 89XD, EV 106.9 MPH) Chris Jackson to third
|
|
Batting: RHB Jose Zuniga
|
0-0: Ball 1-0: Ball 2-0: Ball 3-0: Base on Balls
|
|
Batting: LHB William Gonzales
|
0-0: Ball 1-0: Foul Ball, location: 2F 1-1: Fly out, F7 (Line Drive, 7, EV 109.4 MPH)
|
|
Batting: RHB Victor Ramirez
|
0-0: Called Strike 0-1: Ball 1-1: Called Strike 1-2: Foul Ball, location: 2F 1-2: Ball 2-2: Strikes out swinging
|
| Top of the 3rd over - 0 runs, 1 hit, 0 errors, 3 left on base; Victoria 2 - Madison 1 |
| BOTTOM OF THE 3RD |
|
Madison Brewers batting - Pitching for Victoria Capitals : LHP Carlos Munoz
|
|
Batting: LHB Alex Chairez
|
0-0: Called Strike 0-1: Foul Ball, location: 2F 0-2: Strikes out looking
|
|
Batting: LHB Tony Hasbun
|
0-0: Swinging Strike 0-1: Swinging Strike 0-2: Ball 1-2: Ball 2-2: Foul Ball, location: 2F 2-2: Ball 3-2: Strikes out swinging
|
|
Batting: RHB Wiliama Dana
|
0-0: Ball 1-0: Foul Ball, location: 2F 1-1: Swinging Strike 1-2: Foul Ball, location: 2F 1-2: Foul Ball, location: 2F 1-2: Strikes out looking
|
| Bottom of the 3rd over - 0 runs, 0 hits, 0 errors, 0 left on base; Victoria 2 - Madison 1 |
| TOP OF THE 4TH |
|
Victoria Capitals batting - Pitching for Madison Brewers : LHP Dusty Bryant
|
|
Batting: RHB Ricky Ramirez
|
0-0: Ball 1-0: Ball 2-0: Ball 3-0: Base on Balls
|
|
Pitching: RHP Troy Morin
|
|
|
Batting: RHB Eddie Luna
|
0-0: Ball 1-0: Swinging Strike 1-1: Foul Ball, location: 2F 1-2: Ball 2-2: 2-RUN HOME RUN (Flyball, 9D, EV 97.5 MPH), Distance : 392 ft
|
|
Batting: RHB Ziven Badersky
|
0-0: Ball 1-0: Ground out 6-3 (Groundball, 56D, EV 85.0 MPH)
|
|
Batting: SHB Raghnall Ahearne
|
0-0: Foul Ball, location: 2F 0-1: Fly out, F9 (Flyball, 9S, EV 79.4 MPH)
|
|
Batting: LHB Chris Jackson
|
0-0: Foul Ball, location: 2F 0-1: Ball 1-1: Ball 2-1: Ball 3-1: SINGLE (Flyball, 6MD, EV 95.6 MPH)
|
|
Batting: RHB Chris Skaff
|
0-0: Ball Balk! Chris Jackson to second 1-0: Called Strike 1-1: Called Strike 1-2: Ball 2-2: Ball 3-2: Ground out 4-3 (Groundball, 4S, EV 89.4 MPH)
|
| Top of the 4th over - 2 runs, 2 hits, 0 errors, 1 left on base; Victoria 4 - Madison 1 |
| BOTTOM OF THE 4TH |
|
Madison Brewers batting - Pitching for Victoria Capitals : LHP Carlos Munoz
|
|
Batting: LHB John Fortin
|
0-0: Ball 1-0: Ball 2-0: Ball 3-0: Called Strike 3-1: Called Strike 3-2: Base on Balls
|
|
Batting: LHB Steven Donovan
|
0-0: Called Strike 0-1: Ball 1-1: Swinging Strike 1-2: Foul Ball, location: 2F 1-2: Strikes out swinging
|
|
Batting: SHB Justin Hensley
|
0-0: Foul Ball, location: 2F 0-1: Ball 1-1: Ball 2-1: Swinging Strike 2-2: Foul Ball, location: 2F 2-2: Strikes out swinging
|
|
Batting: RHB Steve Errico
|
0-0: Ball 1-0: Called Strike 1-1: Foul Ball, location: 2F 1-2: Strikes out swinging
|
| Bottom of the 4th over - 0 runs, 0 hits, 0 errors, 1 left on base; Victoria 4 - Madison 1 |
| TOP OF THE 5TH |
|
Victoria Capitals batting - Pitching for Madison Brewers : RHP Troy Morin
|
|
Batting: RHB Jose Zuniga
|
0-0: Fly out, F9 (Flyball, 9, EV 81.9 MPH)
|
|
Batting: LHB William Gonzales
|
0-0: Fly out, F9 (Flyball, 89M, EV 79.4 MPH)
|
|
Batting: RHB Victor Ramirez
|
0-0: Called Strike 0-1: Ground out 6-3 (Groundball, 6, EV 81.2 MPH)
|
| Top of the 5th over - 0 runs, 0 hits, 0 errors, 0 left on base; Victoria 4 - Madison 1 |
| BOTTOM OF THE 5TH |
|
Madison Brewers batting - Pitching for Victoria Capitals : LHP Carlos Munoz
|
|
Batting: RHB Manny Olave
|
0-0: SINGLE (Groundball, 4M, EV 98.1 MPH) (infield hit)
|
|
Batting: LHB Jesus Huante
|
0-0: Ball 1-0: Ball 2-0: Foul Ball, location: 2F 2-1: Ball 3-1: Base on Balls Manny Olave to second
|
|
Batting: LHB Alex Chairez
|
0-0: Ball 1-0: Called Strike 1-1: Fielders Choice at 2nd, 3-6 (Groundball, 3S, EV 81.2 MPH) Manny Olave to third
|
|
Pinch Hitting: RHB Mohammed bin Ubaida
|
0-0: Foul Ball, location: 2F 0-1: Ball 1-1: Ball 2-1: Fly out, F8 (Flyball, 8RD, EV 98.1 MPH) Runner from 3rd tags up, SCORES, throw by CF
|
|
Batting: RHB Wiliama Dana
|
0-0: Called Strike 0-1: Swinging Strike 0-2: Ball 1-2: Strikes out looking
|
| Bottom of the 5th over - 1 run, 1 hit, 0 errors, 1 left on base; Victoria 4 - Madison 2 |
| TOP OF THE 6TH |
|
Victoria Capitals batting - Pitching for Madison Brewers : RHP Troy Morin
|
|
Now at SS: Mohammed bin Ubaida
|
|
|
Batting: RHB Ricky Ramirez
|
0-0: Fly out, F8 (Flyball, 8RM, EV 91.2 MPH)
|
|
Batting: RHB Eddie Luna
|
0-0: Ball 1-0: Ball 2-0: Ground out 6-3 (Groundball, 6, EV 83.1 MPH)
|
|
Batting: RHB Ziven Badersky
|
0-0: Ball 1-0: Ball 2-0: Foul Ball, location: 2F 2-1: Swinging Strike 2-2: Fly out, F9 (Flyball, 9S, EV 83.1 MPH)
|
| Top of the 6th over - 0 runs, 0 hits, 0 errors, 0 left on base; Victoria 4 - Madison 2 |
| BOTTOM OF THE 6TH |
|
Madison Brewers batting - Pitching for Victoria Capitals : LHP Carlos Munoz
|
|
Pitching: RHP Ke-yong Khoo
|
|
|
Batting: LHB John Fortin
|
0-0: Ball 1-0: Foul Ball, location: 2F 1-1: Foul Ball, location: 2F 1-2: Ball 2-2: SINGLE (Line Drive, 78S, EV 105.6 MPH)
|
|
Batting: LHB Steven Donovan
|
0-0: Called Strike 0-1: Ball Wild Pitch! John Fortin to second 1-1: Foul Ball, location: 2F 1-2: Strikes out swinging
|
|
Batting: SHB Justin Hensley
|
0-0: Called Strike 0-1: Swinging Strike 0-2: Ball 1-2: Foul Ball, location: 2F 1-2: Ball 2-2: Foul Ball, location: 2F 2-2: Strikes out looking
|
|
Pitching: RHP Frank Kats
|
|
|
Batting: RHB Steve Errico
|
0-0: Called Strike 0-1: Foul Ball, location: 2F 0-2: Ball 1-2: Ball 2-2: Foul Ball, location: 2F 2-2: Ground out 6-3 (Groundball, 6, EV 83.1 MPH)
|
| Bottom of the 6th over - 0 runs, 1 hit, 0 errors, 1 left on base; Victoria 4 - Madison 2 |
| TOP OF THE 7TH |
|
Victoria Capitals batting - Pitching for Madison Brewers : RHP Troy Morin
|
|
Batting: SHB Raghnall Ahearne
|
0-0: Ball 1-0: Ball 2-0: Ball 3-0: Ground out 6-3 (Groundball, 6M, EV 83.8 MPH)
|
|
Batting: LHB Chris Jackson
|
0-0: Ball 1-0: Ball 2-0: Foul Ball, location: 2F 2-1: DOUBLE (Line Drive, 78D, EV 106.9 MPH)
|
|
Batting: RHB Chris Skaff
|
0-0: Intentional Walk
|
|
Batting: RHB Jose Zuniga
|
0-0: Ball 1-0: Called Strike 1-1: Foul Ball, location: 2F 1-2: Ball 2-2: Ball 3-2: Fly out, F9 (Flyball, 9D, EV 76.2 MPH) Runner from 2nd tags up, SAFE at 3rd, no throw by RF
|
|
Batting: LHB William Gonzales
|
0-0: Called Strike 0-1: Ball 1-1: Ball 2-1: 3-RUN HOME RUN (Line Drive, 78XD, EV 108.8 MPH), Distance : 422 ft
|
|
Batting: RHB Victor Ramirez
|
0-0: Ball 1-0: Fly out, F9 (Flyball, 9LSF, EV 91.2 MPH)
|
| Top of the 7th over - 3 runs, 2 hits, 0 errors, 0 left on base; Victoria 7 - Madison 2 |
| BOTTOM OF THE 7TH |
|
Madison Brewers batting - Pitching for Victoria Capitals : RHP Frank Kats
|
|
Batting: RHB Manny Olave
|
0-0: SINGLE (Line Drive, 8RS, EV 90.0 MPH)
|
|
Batting: LHB Jesus Huante
|
0-0: Ball 1-0: Ball 2-0: Called Strike 2-1: Foul Ball, location: 2F 2-2: Fielders Choice at 2nd, 4-6 (Groundball, 34D, EV 81.9 MPH)
|
|
Batting: LHB Alex Chairez
|
0-0: Ball 1-0: Ball 2-0: SINGLE (Line Drive, 8RS, EV 102.5 MPH) Jesus Huante to second
|
|
Batting: RHB Mohammed bin Ubaida
|
0-0: Swinging Strike 0-1: Ball 1-1: Ball 2-1: Foul Ball, location: 2F 2-2: Ball 3-2: Strikes out swinging
|
|
Batting: RHB Wiliama Dana
|
0-0: Foul Ball, location: 2F 0-1: Called Strike 0-2: Strikes out swinging
|
| Bottom of the 7th over - 0 runs, 2 hits, 0 errors, 2 left on base; Victoria 7 - Madison 2 |
| TOP OF THE 8TH |
|
Victoria Capitals batting - Pitching for Madison Brewers : RHP Troy Morin
|
|
Pinch Hitting: LHB Ryan Daniels
|
0-0: Called Strike 0-1: Ball 1-1: Ball 2-1: Swinging Strike 2-2: Ground out 4-3 (Groundball, 4, EV 105.0 MPH)
|
|
Batting: RHB Eddie Luna
|
0-0: Ball 1-0: Ball 2-0: Foul Ball, location: 2F 2-1: SINGLE (Flyball, 56D, EV 88.8 MPH)
|
|
Pitching: RHP Todd Massad
|
|
|
Batting: RHB Ziven Badersky
|
0-0: Ball Eddie Luna is caught stealing 2nd base 2-4 1-0: Ground out 1-3 (Groundball, 34S, EV 65.6 MPH)
|
| Top of the 8th over - 0 runs, 1 hit, 0 errors, 0 left on base; Victoria 7 - Madison 2 |
| BOTTOM OF THE 8TH |
|
Madison Brewers batting - Pitching for Victoria Capitals : RHP Frank Kats
|
|
Now at 3B: Jason Kinney
|
|
|
Batting: LHB John Fortin
|
0-0: Ball 1-0: Ground out 6-3 (Groundball, 6M, EV 84.4 MPH)
|
|
Batting: LHB Steven Donovan
|
0-0: Ball 1-0: Ball 2-0: Ball 3-0: Base on Balls
|
|
Batting: SHB Justin Hensley
|
0-0: DOUBLE (Line Drive, 89M, EV 95.6 MPH) Steven Donovan to third Runner from 3rd tries for Home, SAFE, throw by RF to trailing runner, SAFE at third!
|
|
Batting: RHB Steve Errico
|
0-0: Ball 1-0: Foul Ball, location: 2F 1-1: Called Strike 1-2: Strikes out swinging
|
|
Batting: RHB Manny Olave
|
0-0: Foul Ball, location: 2F 0-1: Ball 1-1: Called Strike 1-2: Ground out 6-3 (Groundball, 6, EV 78.1 MPH)
|
| Bottom of the 8th over - 1 run, 1 hit, 0 errors, 1 left on base; Victoria 7 - Madison 3 |
| TOP OF THE 9TH |
|
Victoria Capitals batting - Pitching for Madison Brewers : RHP Todd Massad
|
|
Batting: SHB Raghnall Ahearne
|
0-0: Called Strike 0-1: Ball 1-1: Ball 2-1: Foul Ball, location: 2F 2-2: Foul Ball, location: 2F 2-2: Ball 3-2: Base on Balls
|
|
Batting: LHB Chris Jackson
|
0-0: Called Strike 0-1: Ball 1-1: Ball 2-1: Ball 3-1: Base on Balls Raghnall Ahearne to second
|
|
Batting: RHB Chris Skaff
|
0-0: Ball 1-0: Ball 2-0: Ball Chris Jackson steals 2nd, throwing error, E2 Raghnall Ahearne scores Chris Jackson to third 3-0: Base on Balls
|
|
Batting: RHB Jose Zuniga
|
0-0: Ball 1-0: SINGLE (Groundball, 6MD, EV 107.5 MPH) Chris Jackson scores Chris Skaff to second
|
|
Batting: LHB William Gonzales
|
0-0: SINGLE (Line Drive, 8RS, EV 107.5 MPH) Chris Skaff to third Jose Zuniga to second Runner from 3rd tries for Home, SAFE, throw by CF to home
|
|
Batting: RHB Victor Ramirez
|
0-0: Ball 1-0: Ball 2-0: Called Strike 2-1: SINGLE (Line Drive, 78M, EV 105.6 MPH) Jose Zuniga to third William Gonzales to second
|
|
Batting: LHB Jason Kinney
|
0-0: Ball 1-0: SINGLE (Flyball, 3D, EV 90.0 MPH) Jose Zuniga scores William Gonzales to third Victor Ramirez to second
|
|
Batting: RHB Eddie Luna
|
0-0: Called Strike 0-1: Hit by Pitch William Gonzales scores Victor Ramirez to third Jason Kinney to second
|
|
Batting: RHB Ziven Badersky
|
0-0: Called Strike 0-1: Ball 1-1: Ball 2-1: SINGLE (Line Drive, 5L, EV 100.0 MPH) Victor Ramirez scores Jason Kinney to third Eddie Luna to second
|
|
Pitching: RHP Austin Sweetman
|
|
|
Batting: SHB Raghnall Ahearne
|
0-0: Swinging Strike 0-1: Fielders Choice at 2nd, 6-4 (Groundball, 6, EV 99.4 MPH) Jason Kinney scores Eddie Luna to third
|
|
Batting: LHB Chris Jackson
|
0-0: Foul Ball, location: 2F 0-1: Swinging Strike 0-2: Ball Wild Pitch! Eddie Luna scores Raghnall Ahearne to second 1-2: Ball 2-2: Foul Ball, location: 2F 2-2: Strikes out swinging
|
|
Batting: RHB Chris Skaff
|
0-0: Ball 1-0: Ball 2-0: Ball 3-0: Called Strike 3-1: Base on Balls
|
|
Batting: RHB Jose Zuniga
|
0-0: Ball 1-0: Ball 2-0: Called Strike 2-1: Called Strike 2-2: Strikes out swinging
|
| Top of the 9th over - 8 runs, 5 hits, 1 error, 2 left on base; Victoria 15 - Madison 3 |
| BOTTOM OF THE 9TH |
|
Madison Brewers batting - Pitching for Victoria Capitals : RHP Frank Kats
|
|
Batting: LHB Jesus Huante
|
0-0: SINGLE (Groundball, P, EV 83.1 MPH) (infield hit)
|
|
Pitching: RHP Luis Pantoja
|
|
|
Batting: LHB Alex Chairez
|
0-0: Ball Passed Ball! Jesus Huante to second 1-0: Swinging Strike 1-1: Ball 2-1: Swinging Strike 2-2: Foul Ball, location: 2F 2-2: Strikes out swinging
|
|
Pinch Hitting: RHB Mario Lopez
|
0-0: Called Strike 0-1: Ball 1-1: Called Strike 1-2: Strikes out looking
|
|
Batting: RHB Wiliama Dana
|
0-0: Ball 1-0: Called Strike 1-1: Called Strike 1-2: Ball 2-2: Foul Ball, location: 2F 2-2: Strikes out swinging
|
| Bottom of the 9th over - 0 runs, 1 hit, 0 errors, 1 left on base; Victoria 15 - Madison 3 |
|